Cogmind - Beta 14 @@@ ROGUE MODE // 2024.08.12 @ 22:27:17 Player: Khanable Result: Destroyed by L-31 Rogue with Katana Performance ------------- Evolutions (1) 500 Regions Visited (2) 400 Robots Destroyed (15) 75 Value Destroyed (238) 238 Prototype IDs (0) 0 Alien Tech Used (0) 0 Bonus (0) 0 TOTAL SCORE: 1213 Bonus ------- None Cogmind --------- Core Integrity 0/400 Matter 169/300 Energy 100/100 System Corruption 10% Temperature Cool (0) Movement Core (50) Location -9/Materials Parts ------- > --- POWER (1) -------- (None) > --- PROPULSION (4) --- (None) > --- UTILITY (2) ------ Signal Interpreter > --- WEAPON (2) ------- Light Assault Rifle > --- INVENTORY (5) ---- High-capacity Matter Pod (0) Peak State ------------ > --- POWER ------------ Light Ion Engine > --- PROPULSION ------- Flight Unit Flight Unit Flight Unit Flight Unit > --- UTILITY ---------- Signal Interpreter Hardened Light Armor Plating > --- WEAPON ----------- Mining Claw > --- INVENTORY -------- Flight Unit High-capacity Matter Pod Grenade Launcher [Rating: 9] Favorites ----------- Power Light Ion Engine Engine Light Ion Engine Propulsion Flight Unit Wheel Compact Wheel Flight Unit Flight Unit Utility Signal Interpreter Storage High-capacity Matter Pod Processor Signal Interpreter Protection Hardened Light Armor Plating Weapon Assault Rifle Energy Gun Small Laser Ballistic Gun Assault Rifle Launcher Grenade Launcher Slashing Weapon Mining Claw Build | -11 -10 -9 ------- Run | Yrd Mat Mat Slots Evolved 2 | . . 2 Power . | . . . Propulsion 2 | . . 2 Utility . | . . . Weapon . | . . . Parts Attached 32 | 6 17 9 Power 3 | 1 1 1 Engine 3 | 1 1 1 Core . | . . . Reactor . | . . . Propulsion 11 | 2 6 3 Treads . | . . . Leg . | . . . Wheel 2 | 2 . . Hover . | . . . Flight 9 | . 6 3 Utility 4 | 1 2 1 Device . | . . . Storage 2 | 1 1 . Processor 1 | . 1 . Hackware . | . . . Protection 1 | . . 1 Artifact . | . . . Weapon 14 | 2 8 4 Energy Gun 1 | 1 . . Energy Cannon . | . . . Ballistic Gun 9 | 1 5 3 Ballistic Cannon . | . . . Launcher 2 | . 1 1 Special Weapon . | . . . Impact Weapon . | . . . Slashing Weapon 2 | . 2 . Piercing Weapon . | . . . Special Melee Weapon . | . . . Unidentified Prototypes . | . . . Parts Lost 11 | . . 11 Power 1 | . . 1 Propulsion 5 | . . 5 Utility 1 | . . 1 Weapon 4 | . . 4 Highest Loss Streak 11 | . . 11 To Critical Strikes . | . . . Average Slot Usage (%) 75 | . 78 66 Engine 7 | . 7 6 Wheel 5 | . 7 . Flight 22 | . 19 28 Storage 10 | . 13 . Processor 8 | . 7 11 Protection 1 | . . 7 Ballistic Gun 11 | . 13 4 Slashing Weapon 6 | . 6 7 Peak Build Rating 9 | 6 7 9 Average Rating 5 | 4 5 6 On Entrance 3 | . 6 5 Naked Turns . | . . . Heaviest Build 12 | 11 12 10 Greatest Support 26 | 26 26 16 Greatest Overweight (x) 2 | . 2 1 Average Overweight (x) . | . . . Largest Inventory Capacity 8 | 8 8 5 Average Capacity 5 | 6 6 5 Most Carried 6 | 1 6 4 Average Carried 3 | . 4 2 Final Capacity 8 | 8 5 5 Final Carried 5 | 1 5 1 Class Distribution -------------------- 81% | Mutant 18% | Scavenger-Sprinter Dominant Class ---------------- Mutant | -10/Materials Scavenger-Sprinter | -9/Materials Resources | -11 -10 -9 ----------- Run | Yrd Mat Mat Matter Collected 485 | 229 236 20 Remotely . | . . . Salvage Created 294 | . 236 58 Parts 37 | . 24 13 Haulers Intercepted 1 | . 1 . Recyclers Shooed 4 | . 1 3 Parts Field Recycled . | . . . Retrieved Matter . | . . . Parts Self-Destructed . | . . . Prevented . | . . . Kills | -11 -10 -9 ------- Run | Yrd Mat Mat Combat Hostiles Destroyed 14 | . 8 6 Melee 4 | . 3 1 Guns 6 | . 5 1 AOE 4 | . . 4 Classes Destroyed 4 | . 3 1 Hauler 1 | . 1 . Swarmer 11 | . 6 5 Grunt 2 | . 2 . Sentry 1 | . . 1 Best Kill Streak 5 | . 3 5 Combat Bots Only 5 | . 3 5 Max Kills in Single Turn 2 | . 1 2 Gunslinging . | . . . Exploded 2 | . . 2 Melee 1 | . 1 1 Uniques/NPCs Destroyed . | . . . Combat | -11 -10 -9 -------- Run | Yrd Mat Mat Hostile Shots Fired 127 | . 34 93 Missed 34 | . 6 28 Damage Taken 1379 | . 261 1118 Core 511 | . 89 422 Absorbed by Shields . | . . . Core Remaining (%) 82 | 100 64 . Volleys Fired 27 | . 14 13 Largest 2 | . 2 2 Hottest 43 | . 40 43 Shots Fired 47 | . 28 19 Gun 43 | . 28 15 Cannon . | . . . Launcher 4 | . . 4 Special . | . . . Kinetic 43 | . 28 15 Thermal . | . . . Explosive 4 | . . 4 Electromagnetic . | . . . Robot Hit Streak 9 | . 9 7 Robot Miss Streak 5 | . 4 5 Penetration Max . | . . . Secondary Targets . | . . . Shots Hit Robots 40 | . 27 13 Core Hits 26 | . 12 14 Critical Kills . | . . . Critical Parts Destroyed . | . . . Critical Strikes . | . . . Melee Attacks 30 | . 17 13 Impact . | . . . Slashing 30 | . 17 13 Piercing . | . . . Sneak Attacks 2 | . 2 . Combat Hostiles . | . . . Follow-up Attacks . | . . . Damage Inflicted 984 | . 449 535 Guns 328 | . 211 117 Cannons . | . . . Explosions 389 | . . 389 Melee 267 | . 238 29 Ramming . | . . . Kinetic 328 | . 211 117 Thermal . | . . . Explosive 389 | . . 389 Electromagnetic . | . . . Impact . | . . . Slashing 267 | . 238 29 Piercing . | . . . Highest Corruption 10 | . . 10 Average Corruption 9 | . . 9 Corruption Purged . | . . . Corruption Blocked . | . . . Effects 4 | . . 4 Message Errors 1 | . . 1 Data Loss (minor) 1 | . . 1 Data Loss (major) 1 | . . 1 Misdirections 1 | . . 1 Overload Shots . | . . . Overflow Damage 13 | . 2 11 Projectiles . | . . . Explosions 11 | . . 11 Melee 2 | . 2 . Knockbacks . | . . . Impact . | . . . Kinetic . | . . . Secondary . | . . . Self-Inflicted Damage 85 | . . 85 Shots 4 | . . 4 Rammed . | . . . Targets Rammed . | . . . Kicked . | . . . Crushed . | . . . Highest Temperature 7 | . 2 7 Average Temperature 2 | . 2 3 Received Heat Transfer 264 | . 60 204 Siege Activations . | . . . Robots Corrupted . | . . . Combat Hostiles . | . . . Parts Fried . | . . . Impact Corruptions . | . . . Robots Melted . | . . . Combat Hostiles . | . . . Parts Melted . | . . . Heat Transferred . | . . . Parts Sabotaged . | . . . Parts Stolen . | . . . Parts Stripped . | . . . Power Chain Reactions . | . . . Alert | -11 -10 -9 ------- Run | Yrd Mat Mat Peak Influence 294 | . 235 294 Initial 98 | . . 98 Average 118 | . 120 166 Maximum Alert Level 1 | . 1 1 Low Security (%) 88 | 100 93 70 Level 1 11 | . 6 29 Level 2 . | . . . Level 3 . | . . . Level 4 . | . . . Level 5 . | . . . High Security . | . . . Max Security . | . . . Squads Dispatched 2 | . . 2 Investigation . | . . . Extermination . | . . . Reinforcement 2 | . . 2 Assault . | . . . Garrison . | . . . Intercept . | . . . Searches Triggered . | . . . Construction Impeded . | . . . Haulers Reinforced . | . . . Active Scanning Responses . | . . . Cargo Convoy Interrupts . | . . . Stealth | -11 -10 -9 --------- Run | Yrd Mat Mat Distress Signals 3 | . 1 2 Communications Jammed . | . . . Distress Signals . | . . . Times Spotted 35 | . 12 23 Peak Tracking Total 11 | . 4 11 Tactical Retreats 1 | . . 1 Traps | -11 -10 -9 ------- Run | Yrd Mat Mat Traps Triggered 1 | . 1 . Indirectly . | . . . Trap Hack Attempts . | . . . Triggered . | . . . Disarmed . | . . . Reprogrammed . | . . . Reused . | . . . Traps Extracted . | . . . Installed . | . . . Triggered . | . . . Machines | -11 -10 -9 ---------- Run | Yrd Mat Mat Machines Disabled . | . . . Max in Single Turn . | . . . Machines Repaired . | . . . Machines Dismantled . | . . . Machines Sabotaged . | . . . Overloaded Fab Kills . | . . . Hacking | -11 -10 -9 --------- Run | Yrd Mat Mat Machines Accessed 4 | . 3 1 Terminals 3 | . 2 1 Fabricators . | . . . Repair Stations . | . . . Recycling Units 1 | . 1 . Scanalyzers . | . . . Garrison Access . | . . . Total Hacks 10 | . 7 3 Successful 5 | . 4 1 Failed 5 | . 3 2 Catastrophic 1 | . . 1 Database Lockouts . | . . . Manual . | . . . Terminals 6 | . 3 3 Fabricators . | . . . Repair Stations . | . . . Recycling Units 4 | . 4 . Scanalyzers . | . . . Garrison Access . | . . . Terminal Hacks 3 | . 2 1 Alert Level 1 | . . 1 Hauler Manifests 1 | . 1 . Zone Layout 1 | . 1 . Fabricator Hacks . | . . . Repair Station Hacks . | . . . Recycling Unit Hacks 2 | . 2 . Report Inventory 1 | . 1 . Retrieve Components 1 | . 1 . Scanalyzer . | . . . Garrison Access Hacks . | . . . Unauthorized Hacks . | . . . Terminals . | . . . Fabricators . | . . . Repair Stations . | . . . Recycling Units . | . . . Scanalyzers . | . . . Garrison Access . | . . . Data Cores Recovered . | . . . Used . | . . . Hacking Detections 2 | . 1 1 Full Trace Events . | . . . Feedback Events . | . . . Feedback Blocked . | . . . Robot Schematics Acquired . | . . . Robots Built . | . . . Authchips . | . . . Time . | . . . Total Robot Build Rating . | . . . Part Schematics Acquired . | . . . Parts Built . | . . . Authchips . | . . . Time . | . . . Total Part Build Rating . | . . . Parts Repaired . | . . . Time . | . . . Parts Recycled . | . . . Recycled Matter . | . . . Retrieved Matter . | . . . Retrieved Components 2 | . 2 . Parts Scanalyzed . | . . . Part Schematics Acquired . | . . . Parts Damaged . | . . . Bothacking | -11 -10 -9 ------------ Run | Yrd Mat Mat Used RIF Installer . | . . . Robots Hacked . | . . . Non-combat . | . . . Combat . | . . . Robot Hacks Applied . | . . . Relay Couplers Released . | . . . Fabnet Peak Effective % . | . . . Robots Rewired . | . . . Allies Hacked . | . . . Hacks Repelled . | . . . Allies | -11 -10 -9 -------- Run | Yrd Mat Mat Total Allies . | . . . Largest Group . | . . . Highest-Rated Group . | . . . Highest-Rated Ally . | . . . Total Orders . | . . . Ally Attacks . | . . . Total Damage . | . . . Kills . | . . . Allies Corrupted . | . . . Allies Melted . | . . . Intel | -11 -10 -9 ------- Run | Yrd Mat Mat Robot Analysis Total . | . . . Derelict Logs Recovered . | . . . Drone Launches . | . . . Drone Recoveries . | . . . Exploration | -11 -10 -9 ------------- Run | Yrd Mat Mat Turns Passed 593 | 62 394 137 Spaces Moved 727 | 57 504 166 Core 13 | 1 . 12 Treads . | . . . Legs . | . . . Wheels 119 | 56 63 . Hover . | . . . Flight 595 | . 441 154 Fastest Speed 31 | 50 37 31 Average Speed 46 | 90 45 33 Slowest Speed 200 | 100 200 100 Overloaded Moves . | . . . Propulsion Burnouts . | . . . Robots Hopped 1 | . 1 . Cave-ins Triggered 2 | . . 2 Exploration Rate (%) 27 | 4 50 29 Regions Visited 2 Branch Regions . Pre-discovered Areas . | . . . Known Exits Taken 1 | . 1 . Unknown Exits Taken 1 | 1 . . Scrap Searched . | . . . Spaces Dug 13 | . 3 10 Terrain Destroyed 29 | . 3 26 Melee 13 | . 3 10 Projectile . | . . . AOE 16 | . . 16 Terrain Rammed . | . . . Walls Destroyed . | . . . Machines Disabled . | . . . Actions | -11 -10 -9 --------- Run | Yrd Mat Mat Total 880 | 64 614 202 Wait 25 | . 25 . Move 723 | 56 501 166 Hop 1 | . 1 . Pick Up 14 | 2 12 . Fast Attach 20 | 5 11 4 Attach 6 | 1 . 5 Detach 6 | . 5 1 Swap 6 | . 6 . Drop 22 | . 22 . Fire 27 | . 14 13 Melee 30 | . 17 13 Ram . | . . . Kick . | . . . Crush . | . . . Escape Stasis . | . . . Rewire . | . . . Trap . | . . . Miscellaneous . | . . . Route ------- -11/Scrapyard -10/Materials (discovered 3 exits: *Mat / *Min x2) -9/Materials (discovered 1 exit: *Min) History --------- Turn | Location | Event 11 | -11/Scrapyard | Discovered new exit (range 15) 63 | -11/Scrapyard | Entered Materials 63 | -10/Materials | Discovered new exit (range 14) 252 | -10/Materials | Identified exit to Mines 308 | -10/Materials | Discovered exit to Mines (range 16) 322 | -10/Materials | Build established: Mutant 454 | -10/Materials | Discovered new exit (range 5) 456 | -10/Materials | Identified exit to Materials 457 | -10/Materials | Entered another Materials area 457 | -9/Materials | Evolved 2 slots: Propulsion x2 531 | -9/Materials | Crushed by falling debris 536 | -9/Materials | Crushed by falling debris 536 | -9/Materials | System corruption reached 10% 537 | -9/Materials | Discovered new exit (range 13) 541 | -9/Materials | Identified exit to Mines 584 | -9/Materials | Core integrity fell below 50% 592 | -9/Materials | Core integrity fell below 20% 594 | -9/Materials | Destroyed by L-31 Rogue with Katana Last Messages --------------- U-05 Engineer builds a Wall. U-05 Engineer lays Concrete. W-16 Scout sends out distress signal. U-05 Engineer lays Concrete. K-01 Serf collects debris. U-05 Engineer lays Concrete. U-05 Engineer builds a Wall. K-01 Serf destroyed. U-05 Engineer builds a Door. Hvy. Assault Rifle destroyed. Acquired Lgt. Assault Rifle. U-05 Engineer lays Concrete. K-01 Serf collects debris. S-10 Pest destroyed. U-05 Engineer lays Concrete. System corrupted: Substantial component data lost. R-06 Scavenger collects Heat Sink. K-01 Serf collects debris. Lgt. Assault Rifle destroyed. U-05 Engineer lays Concrete. Map ----- +----------------------------------------------------+ | ?????????????????????????????????????????????????? | | ?????????????????????????????????????????????????? | | ?????????????????????????????????????????????????? | | ?????????????????????????????????????????????????? | | ?????????????????????????????????????????????????? | | ?????????????????????????????????????????????????? | | ?????????????????????????????????????????????????? | | ?????????????????????????????????????????????????? | | ?????????????????????????????????????????????????? | | ?????????????????????????????????????????????????? | | ?????????????????????????????????????????????????? | | ?????????????????????????????????????????????????? | | ?????????????????????????????????????????????????? | | ?????????????????????????????????????????????????? | | ??????????????????? ????#????????????????????????? | | ?????????????? ????? ???# ???????#???????????????? | | ?????????????? """???# ?? #???????????????? | | ???????????????#k """k??# """"" ????????????????? | | ???????????????? """ ??# """"" ?????????????????? | | ???????????????? ?# """""??????????????????? | | ????????????????? ?# ???????????????????? | | ????????????????? """ ####+####????????????????? | | ???????????#####k """ ## u #####????????????? | | ??????????# """ =ws #######??????? | | ??????????# g su ! r ???? | | ??????????# g @l= ###??????????? | | ???????????????########+# ! #+####???????????? | | ???????????????# %[ #???????????? | | ???????????????# "" #???????????? | | ???????????????# "T" # *% #"" !#???????????? | | ???????????????# """ # | =##"T #???????????? | | ???????????????############% ##"" #???????????? | | ???????????????????????#" ! g #"" [#???????????? | | ???????????????????????#"" !% #??? #???????????? | | ???????????????????????#!! #?????#???????????? | | ???????????????????????#"" Y #?????????????????? | | ???????????????????????#!! = #?????????????????? | | ???????????????????????#"" !r #?????????????????? | | ???????????????????????#" #?????????????????? | | ???????????????????????#### ##?????????????????? | | ??????????????????????????# #??????????????????? | | ??????????????????????????# #??????????????????? | | ??????????????????????????# #??????????????????? | | ?????????????????????????## ##?????????????????? | | ?????????????###########?# #?????????????????? | | ?????????????# #?# #?????????????????? | | ?????????????# #?# #?????????????????? | | ?????????????# [[ ### #?????????????????? | | ?????????????# [[ ##" #?????????????????? | | ?????????????# [ #### ##?########????????? | +----------------------------------------------------+ Best States ------------- Heat Dissipation 28 Energy Generation 10 Energy Capacity 125 Matter Stores 300 Matter Capacity 500 Sight Range 16 Terrain Scan Density 10 Armor Coverage 150 Evasion (%) 63 Item Schematics ----------------- None Robot Schematics ------------------ None Fabricated ------------ Nothing Alien Tech Used ----------------- None Achievements -------------- None Challenges ------------ None Game ------ Seed UtilityVariableDetonator Manual? 0 Play Time 00:13:17 Cumulative 20.8 hours Start 2024.08.12 @ 22:14:31 End 2024.08.12 @ 22:27:17 Sessions 1 Manual Loads 0 Difficulty Rogue Special Mode None Game No. 21 Rogue 21 Adventurer 0 Explorer 0 Win Type - Total 0 Types 0/0/0/0/0/0/0/0/0 Lore% 5 Gallery% 21 Achievement% 19 Wizard Run 0 Options --------- Layout 1 ASCII 0 Keyboard 1 Movement Vi Keybinds 0 Fullscreen 1 Font 32/SmallcapsGlow Map View 77x35 Zoom Use 0% Tactical HUD 0 Map Filters NONE Filters NONE Steam 1 RUN: 7c399876-7206-4206-9256-0cec355f13fa